 Dungeon Crawl Stone Soup version 0.27-a0-887-gcab673c142 (webtiles) character file.

Game seed: 6488789037637971705

105 rageheart7 the Digger (level 4, -5/36 HPs)
             Began as a Demigod Earth Elementalist on Apr 3, 2021.
             Killed from afar by Ijyb (12 damage)
             ... with an iceblast
             ... on level 3 of the Dungeon.
             The game lasted 00:03:07 (2887 turns).

rageheart7 the Digger (Demigod Earth Elementalist)  Turns: 2887, Time: 00:03:08

Health: -5/36      AC:  4    Str:  9    XL:     4   Next: 29%
Magic:  6/10       EV: 12    Int: 21    God:
Gold:   84         SH:  0    Dex: 14    Spells: 7/8 levels left

rFire    . . .     SeeInvis .   h - +3 flail (protect)
rCold    . . .     Faith    .   (no shield)
rNeg     + . .     Spirit   .   c - +0 robe
rPois    .         Reflect  .   (no helmet)
rElec    .         Harm     .   (no cloak)
rCorr    .         Rampage  .   (no gloves)
Will     .....                  l - +1 pair of boots
Stlth    ++........             (no amulet)
HPRegen  0.12/turn              f - ring of positive energy
MPRegen  0.12/turn              (no ring)

@: no status effects
A: high mp 1, forlorn
a: no special abilities


You were on level 3 of the Dungeon.
You visited 1 branch of the dungeon, and saw 3 of its levels.

You collected 84 gold pieces.

Inventory:

Hand Weapons
 d - a +0 dagger of electrocution
 h - a +3 flail of protection (weapon)
Missiles
 b - 92 stones
Armour
 c - a +0 robe (worn)
 l - a +1 pair of boots (worn)
Jewellery
 f - a ring of positive energy (left hand)
Scrolls
 g - a scroll of vulnerability
Potions
 a - a potion of curing {unknown}
 i - a potion of mutation
 k - a potion of magic
 m - a potion of brilliance
 n - a potion of ambrosia {unknown}


   Skills:
 + Level 2.0 Fighting
 - Level 1.7 Dodging
 - Level 1.7 Stealth
 + Level 2.7 Spellcasting
 - Level 0.8 Transmutations
 + Level 3.5 Earth Magic


You had 7 spell levels left.
You knew the following spells:

 Your Spells              Type           Power      Damage    Failure   Level
a - Sandblast             Erth           34%        2d9       3%          1

Your spell library contained the following spells:

 Spells                   Type           Power      Damage    Failure   Level
 Passwall                 Tmut/Erth      10%        N/A       9%          2
 Stone Arrow              Conj/Erth      20%        3d8       21%         3
 Petrify                  Tmut/Erth      12%        N/A       50%         4
 Lee's Rapid Deconstruct  Erth           8%         3d8*      65%         5


Dungeon Overview and Level Annotations

Branches:
Dungeon (3/15)

Shops:
D:1 ((

Annotations:
D:3 Ijyb


Innate Abilities, Weirdness & Mutations

Your attributes grow dramatically as you level up.
You have an increased reservoir of magic. (+10% MP)
You shall have no god before yourself.


Message History

A rat is nearby!
A rat is nearby!
The helpless rat fails to defend itself.
You hit the rat.
Your weapon exudes an aura of protection.
The rat is severely wounded.
The rat bites you but does no damage.
You barely miss the rat.
The rat is severely wounded.
The rat closely misses you.
You sock the rat!
You kill the rat!
A gnoll comes into view. It is wielding a +0 flail.
A gnoll is nearby!
A gnoll is nearby!
The blast of sand hits the gnoll!
The gnoll is heavily wounded.
The gnoll shouts!
You hear a shout!
Ijyb the Twisted Goblin comes into view.
She is wielding a +0 dagger and carrying a wand of iceblast (7).
The blast of sand hits the gnoll!
You kill the gnoll!
Ijyb zaps a wand.
The mass of ice explodes!
The iceblast engulfs you!
You hear a shout!
You can't see any susceptible monsters within range! (Use Z to cast anyway.)
The blast of sand hits Ijyb but does no damage.
Ijyb zaps a wand.
The mass of ice explodes!
The iceblast engulfs you!
* * * LOW HITPOINT WARNING * * *
Okay, then.
You are too injured to fight recklessly!
Aiming: Sandblast (safe; 3% risk of failure)
Press: ? - help, Q - select action, (/) - cycle Shift-Dir - straight line, f/p - Ijyb
Aim: Ijyb, wielding a +0 dagger, wearing a +0 ring mail, wearing an amulet of the acrobat and carrying a wand of iceblast (5) (23% to evade)
The blast of sand hits Ijyb but does no damage.
Aiming: Sandblast (safe; 3% risk of failure)
Press: ? - help, Q - select action, (/) - cycle Shift-Dir - straight line, f/p - Ijyb
Aim: Ijyb, wielding a +0 dagger, wearing a +0 ring mail, wearing an amulet of the acrobat and carrying a wand of iceblast (5) (23% to evade)
The blast of sand hits Ijyb.
Ijyb is moderately wounded.
Ijyb zaps a wand.
The mass of ice explodes!
The iceblast engulfs you!
You die...

#.....#.......#.......#.....#
#.....###._.###.#####...###.#*
#.....#.......#.#
##.##*,,,****
......#...#...#.# #.#*,*,,,,,,
##....#[..#...#.# #.#**,*,****
#.#..'#######'.# #.# **,**
#.#.....# #....######.# ***
#.####### *#..).......# ****
#.# *******#.g.@...#### *,,,
#.#**,,........###.# *,,,
#.#,,,,........#
#.########**,,,
#.#,*,*#######.#
#.........,,,,,
*,,,,,,,,,,**#.#
##########***,,
***,*,***,,,*#.# *,,
*,*,**,***,#.# *,, ****,,,,,**
**..# *,, ,>,,,,,,** **,****
*,,


You could see Ijyb.

Vanquished Creatures
  An orc wizard (D:3)
  3 gnolls (D:3)
  An adder (D:2)
  2 dart slugs
  4 ball pythons
  3 endoplasms
  A giant cockroach (D:3)
  2 goblins
  2 hobgoblins
  4 jackals (D:2)
  2 quokkas (D:1)
  3 bats
  3 frilled lizards
  3 kobolds
  7 rats
41 creatures vanquished.

Vanquished Creatures (others)
  A withered plant (D:3)
1 creature vanquished.

Grand Total: 42 creatures vanquished

Notes
Turn   | Place    | Note
-------+----------+-------------------------------------------
     0 | D:1      | rageheart7 the Demigod Earth Elementalist began the quest
                  | for the Orb.
     0 | D:1      | Reached XP level 1. HP: 14/14 MP: 5/5
    17 | D:1      | Found Bisaigaq's Antique Weapon Boutique.
   200 | D:1      | Found Bafered's Antique Weapon Shop.
   570 | D:1      | Reached XP level 2. HP: 17/22 MP: 5/7
   885 | D:1      | Reached skill level 3 in Earth Magic
  1693 | D:2      | Reached skill level 1 in Fighting
  2173 | D:2      | Reached XP level 3. HP: 24/28 MP: 6/9
  2671 | D:3      | Reached XP level 4. HP: 19/36 MP: 6/10
  2880 | D:3      | Noticed Ijyb
  2887 | D:3      | Killed from afar by Ijyb

Illustrated notes

Levels and vault maps discovered:
D:1:      lemuel_arrival_broad_hall, layout_basic, serial_shops,
          nicolae_shop_statue_plus, shop, serial_park_tiny_pond
D:2:      layout_basic, kennysheep_generic_room_2
D:3:      layout_loops_ring, nicolae_ru_great_annihilating_truth,
          bloody_makhleb, shapermc_ecumenical_altar_flowoftime, uniq_ijyb

Skill      XL: |  1  2  3  4 |
---------------+-------------+-----
Spellcasting   | 2 |  2.7
Earth Magic    | 3 |  3.5
Fighting       | 1 2 |  2.0
Dodging        | |  1.7
Stealth        | |  1.7
Transmutations | |  0.8

Action                   |  1- 3 |  4- 6 || total
-------------------------+-------+-------++-------
Melee: Flail             |    68 |     4 ||    72
       Unarmed           |     1 |       ||     1
 Cast: Sandblast         |    20 |     9 ||    29
  Use: Scroll            |     9 |       ||     9
 Stab: Sleeping          |     1 |     1 ||     2
       Paralysed         |     1 |       ||     1
Armor: Robe              |    26 |     1 ||    27
Dodge: Dodged            |    57 |     3 ||    60

Table legend: (Time is in decaauts)
 A = Elapsed time spent in this place.
 B = Non-inter-level travel time spent in this place.
 C = Inter-level travel time spent in this place.
 D = Time resting spent in this place.
 E = Time spent auto-exploring this place.
 F = Levels seen in this place.
 G = Mean time per level.
                   A        B        C        D        E       F      G
               +--------+--------+--------+--------+--------+-----+--------+
         Total |   2913 |   2788 |    125 |     42 |   2460 |   3 |  971.0 |
       Dungeon |   2913 |   2788 |    125 |     42 |   2460 |   3 |  971.0 |
               +--------+--------+--------+--------+--------+-----+--------+

Top non-repeatable levels by time:
     D:2: 1531 daAuts
     D:1: 1056 daAuts
     D:3: 325 daAuts
